 Dungeon Crawl Stone Soup version 0.30-a0-723-gc1506a1cf0 (webtiles) character file.

Game seed: 7430716857284610339

11018 Newt the Fighter (level 11, 0/92 HPs)
             Began as a Demonspawn Gladiator on Jan 28, 2023.
             Slain by a white ugly thing (10 damage)
             ... on level 10 of the Dungeon.
             The game lasted 00:13:26 (9381 turns).

Newt the Fighter (Demonspawn Gladiator)             Turns: 9381, Time: 00:13:27

Health: 0/92       AC:  8    Str: 19    XL:     11   Next: 43%
Magic:  0/11       EV: 18    Int:  9    God:
Gold:   435        SH:  5    Dex: 15    Spells: 10/10 levels left

rFire   . . .      SeeInvis .    D - +4 war axe
rCold   . . .      Faith    .    j - +0 buckler
rNeg    . . .      Spirit   +    b - +0 leather armour
rPois   .          Reflect  .    (helmet restricted)
rElec   .          Harm     .    (no cloak)
rCorr   .          Rampage  .    (no gloves)
Will    .....                    t - +0 pair of boots
Stlth   ++                       C - amulet of guardian spirit
HPRegen 0.35/turn                f - +5 ring of evasion
MPRegen 0.12/turn                m - ring of flight

@: flying
A: antennae 1, rugged brown scales 3, demonic guardian 1, spiny 1
a: no special abilities


You were on level 10 of the Dungeon.
You visited 1 branch of the dungeon, and saw 9 of its levels.
You also visited: Ossuary.

You collected 435 gold pieces.

Inventory:

Hand Weapons
 a - a +1 rapier
 h - a +2 whip of flaming
 B - a +3 dire flail
 D - a +4 war axe (weapon)
Missiles
 u - 6 boomerangs
 y - a javelin
Armour
 b - a +0 leather armour (worn)
 c - a +0 helmet
 j - a +0 buckler (worn)
 n - a +2 robe of fire resistance
 t - a +0 pair of boots (worn)
Jewellery
 f - a +5 ring of evasion (left hand)
 g - a ring of ice
 m - a ring of flight (right hand)
 C - an amulet of guardian spirit (around neck)
 E - a ring of ice
Wands
 q - a wand of flame (57)
Scrolls
 k - a scroll of amnesia
 r - a scroll of noise
 s - a scroll of teleportation
 F - a scroll of identify
 H - a scroll of magic mapping
Potions
 d - a potion of magic
 e - a potion of resistance
 i - 2 potions of degeneration {unknown}
 o - a potion of ambrosia
 p - a potion of mutation
 v - a potion of attraction {unknown}
 w - a potion of brilliance
 x - 2 potions of curing
 z - a potion of flight {unknown}
 G - a potion of might {unknown}


   Skills:
 - Level 8.0 Fighting
 - Level 4.0 Short Blades
 - Level 7.2(8.0) Axes
 - Level 5.0(6.8) Maces & Flails
 - Level 5.0 Throwing
 - Level 8.0 Armour
 - Level 4.0 Dodging
 - Level 2.0 Stealth
 + Level 4.3 Shields
 - Level 5.0 Evocations


You had 10 spell levels left.
You didn't know any spells.
Your spell library contained the following spells:

 Spells                   Type           Power      Damage    Failure   Level
 Cigotuvi's Dreadful Rot  Necr/Pois/Air  0%         N/A       67%         2
 Dispel Undead            Necr           0%         3d6       99%         4
 Death Channel            Necr           0%         N/A       100%        6


Dungeon Overview and Level Annotations

Branches:
Dungeon (10/15)               Orc (0/2) D:9         Ossuary (visited)
 Temple: D:4-7         Lair: D:8-11

Altars:
Ashenzari
Dithmenos
Fedhas
Nemelex Xobeh
Qazlal
Ru
Vehumet
Wu Jian

Shops:
D:2 :=   D:8 *


Innate Abilities, Weirdness & Mutations

You have a pair of small antennae on your head.
You are completely covered in rugged brown scales. (AC +3, +7% HP)
A weak demonic guardian rushes to your aid.
You are partially covered in sharp spines.


Message History

Snorg rages.
You closely miss Snorg.
Snorg is almost dead.
Snorg is struck by your spines.
You kill Snorg!
Training target 8.0 for Armour reached!
Your Armour skill increases to level 8!
You need to enable at least one skill for training.
You start resting.
Your white imp disappears in a puff of smoke! x2
Magic restored.
You start resting.
You start resting.
A white ugly thing is nearby!
A white ugly thing is nearby!
You see here the troll skeleton of Snorg.
The white ugly thing gurgles horribly!
A kobold comes into view. It is wielding a +0 whip.
The white ugly thing is struck by your spines.
The white ugly thing bites you. The white ugly thing freezes you!
The kobold moves out of view.
You barely miss the white ugly thing.
The white ugly thing is lightly wounded.
The white ugly thing is struck by your spines.
The white ugly thing closely misses you.
You slash the white ugly thing!
The white ugly thing is moderately wounded.
The white ugly thing bites you. The white ugly thing freezes you!!
The white ugly thing bites you. The white ugly thing freezes you!!
* * * LOW HITPOINT WARNING * * *
A demonic guardian appears!
You are too injured to fight recklessly!
You are too injured to fight recklessly!
You are too injured to fight recklessly!
The white ugly thing attacks as you move away!
The white ugly thing closely misses you.
You swap places.
Your iron imp barely misses the white ugly thing.
The white ugly thing bites you!
You die...

########### ###########
#....(....#
.......<..####.###.#.#.###
#.........................
#.###.###@##.#####.#.#.###
##...u5...# #.....# #
#.......รท.# ##.####
###.##...##.#.## #.#
#........##.#.# #.#
#.#.##..###.#.##### #.# #
#..# #.#.#... ...
#.##..###.#.#.# #.#
#.........#...### #.#


You could see a white ugly thing (ally target) and a friendly iron imp
(summoned).

Vanquished Creatures
  Snorg (D:10)
  2 centaur warriors
  2 two-headed ogres (D:9)
  Pikel (D:6)
  Psyche (D:8)
  A hornet (D:9)
  A shadow (D:9)
  18 yaks
  A steam dragon (D:6)
  A vampire mosquito (D:8)
  Menkaure (D:5)
  An acid dragon (D:9)
  Duvessa (D:6)
  4 orc warriors
  An ice beast (D:6)
  A sky beast (D:6)
  A black bear (D:7)
  A centaur (shapeshifter) (D:8)
  4 centaurs
  5 kobold brigands
  2 lemures (D:6)
  3 necrophages
  2 bullfrogs (D:8)
  A gnoll sergeant (D:5)
  A scorpion (D:5)
  5 wights (D:8)
  3 water moccasin zombies (Ossuary)
  Dowan (D:6)
  A howler monkey (D:8)
  2 hounds
  A jelly (D:7)
  2 orc priests
  2 gnoll boudas (D:5)
  4 orc wizards
  3 iguanas
  2 mummies (Ossuary)
  5 adders
  14 gnolls
  A white imp (D:8)
  An ufetubus (D:6)
  5 adder zombies (Ossuary)
  2 worms (D:2)
  A dart slug (D:2)
  22 orcs
  7 ball pythons
  3 bats
  3 endoplasms (D:2)
  4 giant cockroaches
  3 gnoll zombies (Ossuary)
  6 goblins
  2 hobgoblins (D:1)
  3 jackals (D:1)
  20 kobolds
  3 quokkas
  4 frilled lizards
  7 hobgoblin zombies (Ossuary)
  2 kobold zombies (Ossuary)
  3 orc zombies (Ossuary)
  5 rats
210 creatures vanquished.

Vanquished Creatures (collateral kills)
  An ogre mage (D:10)
  A jelly (D:7)
  An orc priest (D:6)
  An adder (D:5)
  A white imp (D:6)
  An adder zombie (Ossuary)
  A hobgoblin zombie (Ossuary)
7 creatures vanquished.

Vanquished Creatures (others)
  A scorpion (D:6)
  A wight (D:8)
2 creatures vanquished.

Grand Total: 219 creatures vanquished

Notes
Turn   | Place    | Note
-------+----------+-------------------------------------------
     0 | D:1      | Newt the Demonspawn Gladiator began the quest for the Orb.
     0 | D:1      | Reached XP level 1. HP: 16/16 MP: 1/1
    90 | D:1      | Reached skill level 1 in Stealth
   158 | D:1      | Gained mutation: You are partially covered in sharp spines.
                  | [demonic ancestry]
   158 | D:1      | Reached XP level 2. HP: 20/22 MP: 2/2
   585 | D:2      | Gained mutation: You are partially covered in rugged brown
                  | scales. (AC +1, +3% HP) [demonic ancestry]
   585 | D:2      | Reached XP level 3. HP: 15/28 MP: 3/3
   686 | D:2      | Found Dife Rad's Book Shoppe.
   692 | D:2      | Found Koinn's Jewellery Boutique.
   787 | D:2      | Found a faded altar of an unknown god.
   813 | D:2      | Found an ornate altar of the Wu Jian Council.
  1361 | D:3      | You fall into a shaft and drop 2 floors!
  1361 | D:5      | Entered Level 5 of the Dungeon
  1370 | D:5      | Noticed a necrophage
  1373 | D:5      | Reached XP level 4. HP: 38/38 MP: 4/4
  1425 | D:5      | Gained mutation: A weak demonic guardian rushes to your
                  | aid. [demonic ancestry]
  1425 | D:5      | Reached XP level 5. HP: 14/43 MP: 5/5
  1433 | D:5      | Reached skill level 1 in Shields
  1668 | D:5      | Gained mutation: You have a pair of small antennae on your
                  | head. [demonic ancestry]
  1668 | D:5      | Reached XP level 6. HP: 44/49 MP: 6/6
  1724 | D:5      | Found a sand-covered staircase.
  1735 | Ossuary  | Entered an ossuary
  1882 | Ossuary  | Reached XP level 7. HP: 48/55 MP: 7/7
  2018 | D:5      | Reached skill level 1 in Armour
  2506 | D:5      | Noticed Menkaure
  2518 | D:5      | Killed Menkaure
  2728 | D:6      | Gained mutation: You are mostly covered in rugged brown
                  | scales. (AC +2, +5% HP) [demonic ancestry]
  2728 | D:6      | Reached XP level 8. HP: 36/63 MP: 8/8
  2885 | D:6      | Found a shadowy altar of Dithmenos.
  2914 | D:6      | Noticed Dowan
  2917 | D:6      | Noticed Duvessa
  2936 | D:6      | Killed Duvessa
  2938 | D:6      | Killed Dowan
  2980 | D:6      | Noticed Pikel
  3034 | D:6      | HP: 3/63 [Pikel/+2 whip of flaming (1)]
  3040 | D:6      | Killed Pikel
  3041 | D:6      | Reached skill level 5 in Evocations
  3041 | D:6      | Reached skill level 5 in Fighting
  3277 | D:6      | Reached skill level 1 in Maces & Flails
  3443 | D:6      | HP: 2/67 [something (8)]
  3444 | D:6      | Gained mutation: You are completely covered in rugged brown
                  | scales. (AC +3, +7% HP) [demonic ancestry]
  3444 | D:6      | Reached XP level 9. HP: 2/73 MP: 9/9
  3908 | D:7      | Found a stormy altar of Qazlal.
  3937 | D:7      | Found a sparkling altar of Nemelex Xobeh.
  4540 | D:7      | Found a radiant altar of Vehumet.
  5203 | D:8      | Reached skill level 5 in Maces & Flails
  5660 | D:8      | Noticed a centaur warrior
  5675 | D:8      | Killed a centaur warrior
  5676 | D:8      | Reached skill level 5 in Throwing
  5885 | D:8      | Reached XP level 10. HP: 84/84 MP: 10/10
  5920 | D:8      | Found a sacrificial altar of Ru.
  5954 | D:8      | Found Bopecku's Overcharged Wands.
  6000 | D:8      | Found an ornate altar of the Wu Jian Council.
  6093 | D:8      | Reached skill level 1 in Axes
  6311 | D:8      | Noticed Psyche
  6317 | D:8      | Killed Psyche
  6414 | D:8      | Found a broken altar of Ashenzari.
  6562 | D:9      | Found a staircase to the Orcish Mines.
  6739 | D:9      | Paralysed by a hornet for 2 turns
  7002 | D:9      | Noticed a centaur warrior
  7015 | D:9      | Killed a centaur warrior
  7016 | D:9      | Reached skill level 5 in Axes
  7302 | D:9      | Noticed a two-headed ogre
  7313 | D:9      | Killed a two-headed ogre
  8031 | D:9      | Reached skill level 5 in Armour
  8129 | D:9      | Found a blossoming altar of Fedhas.
  8145 | D:9      | Reached XP level 11. HP: 91/92 MP: 11/11
  8260 | D:9      | Noticed a two-headed ogre
  8274 | D:9      | Killed a two-headed ogre
  8634 | D:10     | Entered Level 10 of the Dungeon
  8929 | D:10     | Noticed an ogre mage
  8929 | D:10     | Noticed a wizard
  8932 | D:10     | Noticed a white ugly thing
  8932 | D:10     | Noticed a centaur warrior
  8932 | D:10     | Paralysed by an ogre mage for 4 turns
  9110 | D:10     | Killed an ogre mage
  9151 | D:10     | Noticed Snorg
  9164 | D:10     | HP: 4/92 [Snorg (12)]
  9169 | D:10     | Killed Snorg
  9381 | D:10     | Slain by a white ugly thing

Illustrated notes

Levels and vault maps discovered:
D:1:      ncdulo_wetmaze, layout_rooms
D:2:      layout_loops_ring, serial_shops, nicolae_shop_advertising_works
          [nicolae_subvault_shop_adworks], nicolae_shop_trees,
          ebering_ecumenical_altar_abandoned, basic_altar, corner_web_ring,
          minmay_surrounded
D:3:      layout_basic, lemuel_crystal_altar, nicolae_figureground_pulse
D:5:      layout_rooms, zin_academy, chequers_ossuary_entry_cave,
          chequers_serial_rivers_room_b, minmay_misc_feat_iff, minmay_between,
          uniq_menkaure
D:6:      layout_loops_ring, grunt_dithmenos_smoke, minmay_circle_x, uniq_pikel,
          uniq_duvessa
D:7:      layout_loops_cross, grunt_qazlal_sundering, vehumet_altar_wand_db,
          nicolae_overflow_crystal_walls
D:8:      minmay_distorted_concentric_squares, layout_rooms, old_standard_altar,
          nicolae_ru_great_annihilating_truth, ashenzari_conservatory_becter,
          nicolae_shop_overcharged_wands, uniq_psyche
D:9:      layout_grid_maze, general_overflow_altar, orc_0_dummy,
          kennysheep_generic_room_4
D:10:     layout_loops_ring, lemuel_doored_altar, mainiacjoe_overflow_24_doors,
          lair_entry_dummy, special_room [special_room_orc], kb_rosetta,
          uniq_snorg

Skill      XL: |  1  2  3  4  5  6  7  8  9 10 11 |
---------------+----------------------------------+-----
Stealth        | 1 2 |  2.0
Fighting       | 3 4 6 7 8 |  8.0
Short Blades   | 3 4 |  4.0
Shields        | 2 4 |  4.3
Dodging        | 3 4 |  4.0
Armour         | 4 5 8 |  8.0
Evocations     | 2 5 |  5.0
Maces & Flails | 2 5 |  5.0
Throwing       | 5 |  5.0
Axes           | 7 |  7.2

Action                     |  1- 3 |  4- 6 |  7- 9 | 10-12 || total
---------------------------+-------+-------+-------+-------++-------
  Melee: Rapier            |    81 |   143 |   140 |       ||   364
         Whip              |       |       |   211 |    13 ||   224
         War axe           |       |       |       |   190 ||   190
  Throw: Javelin           |       |     2 |     2 |       ||     4
         Throwing net      |       |     1 |     4 |       ||     5
  Evoke: Wand              |       |     3 |    10 |     6 ||    19
    Use: Scroll            |     5 |     3 |     8 |     1 ||    17
         Potion            |       |     1 |     9 |     3 ||    13
   Stab: Sleeping          |     7 |     1 |     1 |       ||     9
         Distracted        |       |     1 |     1 |       ||     2
         Paralysed         |       |       |       |     1 ||     1
 Armour: Leather armour    |    20 |    18 |    65 |    17 ||   120
  Dodge: Dodged            |    47 |    85 |   254 |   172 ||   558
  Block: Buckler           |       |    26 |   101 |    48 ||   175

Table legend: (Time is in decaauts)
 A = Elapsed time spent in this place.
 B = Non-inter-level travel time spent in this place.
 C = Inter-level travel time spent in this place.
 D = Time resting spent in this place.
 E = Time spent auto-exploring this place.
 F = Levels seen in this place.
 G = Mean time per level.
                   A        B        C        D        E       F      G
               +--------+--------+--------+--------+--------+-----+--------+
         Total |   9448 |   9181 |    267 |   2408 |   4989 |  10 |  944.8 |
       Dungeon |   9229 |   8962 |    267 |   2408 |   4963 |   9 | 1025.4 |
       Ossuary |    218 |    218 |      0 |      0 |     26 |   1 |  218.0 |
               +--------+--------+--------+--------+--------+-----+--------+

Top non-repeatable levels by time:
     D:9: 2231 daAuts
     D:7: 1544 daAuts
     D:8: 1167 daAuts
     D:6: 1165 daAuts
     D:5: 1130 daAuts
     D:2: 765 daAuts
    D:10: 617 daAuts
     D:1: 562 daAuts
 Ossuary: 218 daAuts
     D:3: 44 daAuts
